 Dungeon Crawl Stone Soup version 0.30-a0-528-g8c47a4955b (webtiles) character file.

Game seed: 9278982272452042485

10167 upjump the Grappler (level 11, -4/104 HPs)
             Began as a Troll Berserker on Dec 23, 2022.
             Was a Believer of Trog.
             Slain by a cane toad (12 damage)
             ... on level 1 of the Lair of Beasts.
             The game lasted 00:47:04 (7354 turns).

upjump the Grappler (Troll Berserker)               Turns: 7354, Time: 00:47:04

Health: -4/104     AC:  9    Str: 27    XL:     11   Next: 32%
Magic:  10/10      EV: 13    Int:  3    God:    Trog [**....]
Gold:   311        SH:  0    Dex: 13    Spells: 10/10 levels left

rFire   . . .      SeeInvis .      - Unarmed
rCold   . . .      Faith    .    (no shield)
rNeg    . . .      Spirit   .    b - +1 robe
rPois   .          Reflect  .    (helmet restricted)
rElec   .          Harm     .    (no cloak)
rCorr   .          Rampage  .    (gloves unavailable)
Will    ++...                    (boots unavailable)
Stlth   ++                       (no amulet)
HPRegen 2.17/turn                o - +4 ring of protection
MPRegen 0.12/turn                u - ring of flight

@: lethally poisoned (-4 -> -4), strong-willed, on berserk cooldown, flying,
regenerating
A: large, unfitting armour, claws 3, regeneration 1, shaggy fur 1, tough skin 1
a: Renounce Religion, Berserk, Trog's Hand


You were on level 1 of the Lair of Beasts.
You worshipped Trog.
Trog was pleased with you.
You visited 2 branches of the dungeon, and saw 9 of its levels.

You collected 311 gold pieces.

Inventory:

Armour
 a - a +0 animal skin
 b - a +1 robe (worn)
Jewellery
 o - a +4 ring of protection (left claw)
 u - a ring of flight (right claw)
Wands
 m - a wand of flame (57)
 p - a wand of quicksilver (13)
 v - a wand of mindburst (17)
Scrolls
 i - a scroll of teleportation
 q - 2 scrolls of immolation
 w - a scroll of brand weapon
Potions
 c - a potion of magic {unknown}
 d - 2 potions of curing
 e - a potion of ambrosia {unknown}
 f - a potion of haste
 g - 3 potions of lignification
 h - a potion of might
 j - 2 potions of berserk rage {unknown}
 k - 4 potions of brilliance {unknown}
 l - 2 potions of mutation {unknown}
 n - 2 potions of heal wounds {unknown}
 r - a potion of degeneration {unknown}


   Skills:
 + Level 5.4 Fighting
 + Level 8.0 Dodging
 + Level 3.2 Stealth
 + Level 13.6 Unarmed Combat


You had 10 spell levels left.
You didn't know any spells.
Your spell library contained the following spells:

 Spells                   Type           Power      Damage    Failure   Level
 Freeze                   Ice            0%         1d3       52%         1
 Magic Dart               Conj           0%         1d3       52%         1
 Sting                    Tmut/Pois      0%         1d3       52%         1
 Blink                    Tloc           0%         N/A       67%         2
 Call Imp                 Summ           0%         N/A       67%         2
 Ensorcelled Hibernation  Hex/Ice        0%         N/A       67%         2
 Momentum Strike          Conj/Tloc      0%         3d8       67%         2
 Poisonous Vapours        Pois/Air       0%         N/A       67%         2
 Frozen Ramparts          Ice            0%         1d1       88%         3
 Hailstorm                Conj/Ice       0%         3d3       88%         3
 Kindle Blastsparks       Fire/Tloc/Air  0%         2d10      88%         3
 Lesser Beckoning         Tloc           0%         N/A       88%         3
 Mephitic Cloud           Conj/Pois/Air  0%         N/A       88%         3
 Ozocubu's Armour         Ice            0%         N/A       88%         3
 Portal Projectile        Hex/Tloc       0%         N/A       88%         3
 Spider Form              Tmut/Pois      0%         N/A       88%         3
 Tukima's Dance           Hex            0%         N/A       88%         3
 Anguish                  Hex/Necr       0%         N/A       99%         4
 Fulminant Prism          Conj/Hex       0%         3d5       99%         4
 Iskenderun's Mystic Bla  Conj/Tloc      0%         2d3       99%         4
 Olgreb's Toxic Radiance  Pois           0%         N/A       99%         4
 Blade Hands              Tmut           0%         N/A       100%        5
 Lee's Rapid Deconstruct  Erth           0%         3d4*      100%        5
 Ozocubu's Refrigeration  Ice            0%         4d7       100%        7


Dungeon Overview and Level Annotations

Branches:
Dungeon (8/15)             Temple (0/1) D:4            Lair (1/5) D:8

Altars:
Elyvilon
Hepliaklqana
Kikubaaqudgha
Nemelex Xobeh
Okawaru
Uskayaw


Innate Abilities, Weirdness & Mutations

You are too large for most types of armour.
You have claws for hands.
Your natural rate of healing is unusually fast.
You are covered in fur. (AC +1)
You have tough skin. (AC +1)


Message History

The water moccasin bites you.
You are more poisoned.
The water moccasin poisons you! The elephant closely misses you.
The elephant trunk-slaps you but does no damage.
The water moccasin closely misses you.
You miss the water moccasin.
You feel very sick. The elephant tramples you!
You are shoved backwards!
You mangle the water moccasin!!
The water moccasin is severely wounded.
You feel very sick. The water moccasin misses you. The elephant tramples you!
You hold your ground!
The elephant trunk-slaps you but does no damage.
The water moccasin barely misses you. The elephant closely misses you. x2
You mangle the water moccasin!!
You kill the water moccasin!
Trog accepts your kill.
You feel very sick.
The elephant tramples you but does no damage.
The elephant trunk-slaps you.
As you read the scroll of teleportation, it crumbles to dust.
You feel strangely unstable.
You feel very sick. The elephant tramples you!
* * * LOW HITPOINT WARNING * * *
You hold your ground!
The elephant trunk-slaps you but does no damage.
The elephant attacks as you move away! The elephant tramples you!
* * * LOW HITPOINT WARNING * * *
The elephant trunk-slaps you.
* * * LOW HITPOINT WARNING * * *
Your surroundings suddenly seem different.
You feel sick.
Your skin crawls.
You feel strong-willed.
You feel yourself speed up.
You feel sick.
You feel sick.
The cane toad gives a loud, deep croak!
You hear an angry hiss.
The cane toad attacks as you move away! The cane toad stings you!
You die...

#.....##......##...#
#.......#.....##...##
#.......##....##....#
#........<##..##....####
#............###........
##.....#..##..#...S.....
#.......##..............
#P......#.......F.......
#####...........@.......
#...................
#.####..###......... ##
#......... #.....#..#
.....###+# #....# #....#


You could see a black mamba (wandering) and a cane toad.

Vanquished Creatures
  Gastronok (D:8)
  Pikel (D:4)
  2 oklob plants (Lair:1)
  3 elephants (Lair:1)
  A cane toad (Lair:1)
  A gargoyle (D:8)
  3 komodo dragons (Lair:1)
  A rime drake (Lair:1)
  2 wyverns (D:8)
  A basilisk (D:7)
  7 water moccasins
  3 ice beasts
  5 black bears
  An orc warrior (D:8)
  A sky beast (D:5)
  An ogre (D:5)
  2 centaurs
  9 wolves
  2 kobold brigands
  3 phantoms
  6 bullfrogs
  2 necrophages
  5 scorpions
  10 killer bees
  2 jellies
  5 orc priests
  A hound (D:6)
  Ijyb (D:3)
  2 iguanas (D:4)
  4 orc wizards
  3 gnolls (D:4)
  4 adders
  A white imp (D:6)
  3 ufetubi (D:5)
  A worm (D:2)
  4 dart slugs
  20 orcs
  9 endoplasms
  A giant cockroach (D:2)
  7 goblins
  6 hobgoblins
  2 jackals (D:2)
  8 quokkas
  2 ball pythons
  8 bats
  8 kobolds
  7 rats
  2 bushes (D:3)
184 creatures vanquished.

Vanquished Creatures (others)
  4 fungi
  22 plants
26 creatures vanquished.

Grand Total: 210 creatures vanquished

Notes
Turn   | Place    | Note
-------+----------+-------------------------------------------
     0 | D:1      | upjump the Troll Berserker began the quest for the Orb.
     0 | D:1      | Reached XP level 1. HP: 22/22 MP: 0/0
   208 | D:1      | Reached XP level 2. HP: 29/29 MP: 1/1
   300 | D:1      | Found a faded altar of an unknown god.
  1179 | D:2      | Reached XP level 3. HP: 36/36 MP: 2/2
  1187 | D:2      | Reached ** piety under Trog
  1198 | D:2      | Found a hazy altar of Hepliaklqana.
  1951 | D:3      | Reached skill level 4 in Unarmed Combat
  2013 | D:3      | Found a sparkling altar of Nemelex Xobeh.
  2062 | D:3      | Reached XP level 4. HP: 44/44 MP: 3/3
  2074 | D:3      | Found a hazy altar of Hepliaklqana.
  2074 | D:3      | Noticed Ijyb
  2088 | D:3      | Killed Ijyb
  2374 | D:4      | Noticed a kobold brigand
  2388 | D:4      | Killed a kobold brigand
  2389 | D:4      | Reached XP level 5. HP: 52/52 MP: 4/4
  2476 | D:4      | Found a staircase to the Ecumenical Temple.
  2527 | D:4      | Reached skill level 5 in Unarmed Combat
  2681 | D:4      | Reached XP level 6. HP: 61/61 MP: 5/5
  2804 | D:4      | Found an iron altar of Okawaru.
  2813 | D:4      | Reached skill level 1 in Stealth
  3041 | D:4      | Noticed Pikel
  3054 | D:4      | Killed Pikel
  3055 | D:4      | Reached skill level 7 in Unarmed Combat
  3055 | D:4      | Reached XP level 7. HP: 67/67 MP: 6/6
  3314 | D:5      | Entered Level 5 of the Dungeon
  3539 | D:5      | Reached XP level 8. HP: 75/75 MP: 7/7
  3862 | D:5      | Reached skill level 8 in Unarmed Combat
  4202 | D:5      | Found an ancient bone altar of Kikubaaqudgha.
  4202 | D:5      | Found a white marble altar of Elyvilon.
  4235 | D:5      | Reached skill level 5 in Dodging
  4469 | D:5      | Reached skill level 9 in Unarmed Combat
  4654 | D:6      | Reached XP level 9. HP: 84/84 MP: 8/8
  5567 | D:7      | Reached skill level 10 in Unarmed Combat
  5938 | D:8      | Noticed Gastronok
  5949 | D:8      | Killed Gastronok
  5950 | D:8      | Reached skill level 11 in Unarmed Combat
  6003 | D:8      | Reached XP level 10. HP: 94/94 MP: 9/9
  6225 | D:8      | Found a staircase to the Lair.
  6356 | D:8      | Reached skill level 12 in Unarmed Combat
  6363 | D:8      | Noticed a gargoyle
  6380 | D:8      | Killed a gargoyle
  6419 | D:8      | Found a hide-covered altar of Uskayaw.
  6696 | Lair:1   | Entered Level 1 of the Lair of Beasts
  6696 | Lair:1   | Noticed an oklob plant
  6696 | Lair:1   | Noticed a cane toad
  6704 | Lair:1   | Killed an oklob plant
  6795 | Lair:1   | Reached skill level 5 in Fighting
  6825 | Lair:1   | Noticed a black mamba
  6898 | Lair:1   | Noticed a cane toad
  6915 | Lair:1   | Killed a cane toad
  6916 | Lair:1   | Reached skill level 13 in Unarmed Combat
  6916 | Lair:1   | Reached XP level 11. HP: 102/102 MP: 10/10
  6977 | Lair:1   | Noticed an oklob plant
  7000 | Lair:1   | Killed an oklob plant
  7351 | Lair:1   | HP: 5/104 [poisoned by a water moccasin]
  7354 | Lair:1   | Slain by a cane toad

Illustrated notes

Levels and vault maps discovered:
D:1:      dpeg_arrival_simpleton_c, layout_basic,
          hellmonk_ecumenical_altar_run_dry, minmay_misc_feat_encased
D:2:      layout_basic, basic_altar, chequers_serial_rivers_room_b,
          minmay_close_crescents
D:3:      layout_rooms, mainiacjoe_overflow_tiny_flanked,
          nemelex_dance_club_becter, serial_forest, infiniplex_forest_zigzag_1,
          infiniplex_forest_straight_4, infiniplex_forest_zigzag_2,
          infiniplex_forest_lined_ring, infiniplex_forest_end_2,
          infiniplex_forest_clump_long, infiniplex_forest_end_2, uniq_ijyb
D:4:      layout_basic, mainiacjoe_overflow_paths, temple_doors_cd,
          minmay_hedge_maze, uniq_pikel
D:5:      layout_loops_ring, gammafunk_temple_overflow_wave, serial_demonic,
          serial_demonic_b, serial_demonic_e, serial_demonic_g,
          serial_demonic_b, portal_sewer_entry_d
D:6:      layout_cave_pools, small_statue_intersection, corexii_hall_statues_s,
          hex_large
D:7:      layout_gridville
D:8:      layout_rooms, nicolae_uskayaw_murder_on_the_dancefloor,
          minmay_lair_entry_grove, onia_ninara_dug_in_and_dangerous,
          uniq_maurice, uniq_gastronok
Lair:1:   layout_regular_city, dpeg_stationary_puzzle, serial_bayou_shore_b

Skill      XL: |  1  2  3  4  5  6  7  8  9 10 11 |
---------------+----------------------------------+-----
Unarmed Combat | 4 5 7 9 11 13 | 13.6
Dodging        | 3 4 5 6 7 8 |  8.0
Fighting       | 3 4 5 |  5.4
Stealth        | 1 2 3 |  3.2

Action                   |  1- 3 |  4- 6 |  7- 9 | 10-12 || total
-------------------------+-------+-------+-------+-------++-------
Melee: Unarmed           |   181 |    98 |   199 |   152 ||   630
       Punch             |     8 |       |     7 |    11 ||    26
Invok: Berserk           |       |     6 |    10 |     8 ||    24
       Trog's Hand       |       |     3 |    10 |     6 ||    19
  Use: Scroll            |     4 |     4 |       |     8 ||    16
       Potion            |       |       |     1 |     4 ||     5
 Stab: Sleeping          |       |     1 |       |     2 ||     3
       Distracted        |       |     1 |       |       ||     1
Armor: Animal skin       |     3 |       |       |       ||     3
       Robe              |    41 |    21 |    89 |    67 ||   218
Dodge: Dodged            |    45 |    38 |   110 |   117 ||   310

Table legend: (Time is in decaauts)
 A = Elapsed time spent in this place.
 B = Non-inter-level travel time spent in this place.
 C = Inter-level travel time spent in this place.
 D = Time resting spent in this place.
 E = Time spent auto-exploring this place.
 F = Levels seen in this place.
 G = Mean time per level.
                   A        B        C        D        E       F      G
               +--------+--------+--------+--------+--------+-----+--------+
         Total |   7440 |   7239 |    201 |   1084 |   2360 |   9 |  826.7 |
       Dungeon |   6792 |   6591 |    201 |    923 |   2353 |   8 |  849.0 |
          Lair |    647 |    647 |      0 |    161 |      7 |   1 |  647.0 |
               +--------+--------+--------+--------+--------+-----+--------+

Top non-repeatable levels by time:
     D:5: 1202 daAuts
     D:7: 1075 daAuts
     D:4: 998 daAuts
     D:1: 901 daAuts
     D:2: 750 daAuts
     D:3: 702 daAuts
  Lair:1: 647 daAuts
     D:6: 602 daAuts
     D:8: 559 daAuts
